 Dungeon Crawl Stone Soup version 0.29.0-15-g675c0067aa (webtiles) character file.

Game seed: 17679288266941531589

4456 qw the Cleaver (level 10, -4/86 (88) HPs)
             Began as a Minotaur Berserker on Sept 11, 2022.
             Was a Priest of Trog.
             Slain by a centaur
             ... wielding a +0 flail
              (8 damage)
             ... on level 8 of the Dungeon.
             The game lasted 00:03:01 (7934 turns).

qw the Cleaver (Minotaur Berserker)                 Turns: 7934, Time: 00:03:02

HP:   -4/86 (88)    AC:  0    Str: 26    XL:     10   Next: 15%
MP:   9/9           EV: 14    Int:  4    God:    Trog [***...]
Gold: 416           SH:  0    Dex: 10    Spells: 9/9 levels left

rFire   . . .      SeeInvis .   (weapon currently unavailable)
rCold   . . .      Faith    .   (shield currently unavailable)
rNeg    . . .      Spirit   .   (body armour currently unavailable)
rPois   .          Reflect  .   (helmet currently unavailable)
rElec   .          Harm     .   (cloak currently unavailable)
rCorr   .          Rampage  .   (gloves currently unavailable)
Will    .....                   (boots currently unavailable)
Stlth   +.........              f - amulet of the acrobat
HPRegen 0.24/turn               (ring currently unavailable)
MPRegen 0.11/turn               (ring currently unavailable)

@: about to teleport, pig-form, on berserk cooldown, lightly drained, invisible,
very quick
A: fast, no casting, small, (horns 2), (retaliatory headbutt)
a: Renounce Religion, Berserk, Trog's Hand


You were on level 8 of the Dungeon.
You worshipped Trog.
Trog was most pleased with you.
You were a filthy swine.
You visited 1 branch of the dungeon, and saw 8 of its levels.

You collected 416 gold pieces.


Innate Abilities, Weirdness & Mutations

You are a filthy swine.
You move quickly.
Your equipment is almost entirely melded.
You are incapable of wielding weapons or throwing items.
You cannot cast spells.
((You have a pair of horns on your head.))
((You reflexively headbutt those who attack you in melee.))


   Skills:
 - Level 8.1 Fighting
 - Level 14.0 Axes
 - Level 3.1 Throwing
 + Level 5.9 Armour
 - Level 2.1 Dodging
 - Level 5.0 Shields


You had 9 spell levels left.
You didn't know any spells.
Your spell library was empty.

Inventory:

Hand Weapons
 j - a +0 flail of protection
 r - a +3 war axe (melded)
Missiles
 a - 8 boomerangs (quivered)
Armour
 c - a +1 cloak (melded)
 d - a +0 plate armour
 g - a +0 buckler (melded)
 h - a +2 chain mail of poison resistance (melded)
 n - a +0 pair of boots (melded)
 o - a +2 cloak
Jewellery
 b - a ring of protection from fire (melded)
 f - an amulet of the acrobat (around neck)
 p - a +4 ring of protection (melded)
Wands
 q - a wand of digging (4)
Scrolls
 e - 3 scrolls of identify
Potions
 k - 2 potions of might
 l - 11 potions of curing

Dungeon Overview and Level Annotations

Branches:
Dungeon (8/15)             Temple (0/1) D:4
   Lair: D:8-11

Altars:
Okawaru

Annotations:
D:5 2 transporters
D:8 Psyche


Message History

The centaur shoots an arrow.
The arrow barely misses you.
Psyche casts a cantrip, but nothing happens.
You bite Psyche!
Psyche is heavily wounded.
The centaur shoots an arrow.
The arrow barely misses you. Psyche closely misses you.
The centaur shoots an arrow.
The arrow misses you.
You bite Psyche!
Psyche is severely wounded.
The centaur shoots an arrow.
The arrow hits you! Psyche completely misses you.
The centaur shoots an arrow.
The arrow hits you!
Psyche hits you with a +0 dagger of chaos.
Psyche draws strength from your wounds!
You hit Psyche.
Psyche is severely wounded.
The centaur shoots an arrow.
The arrow hits you!
Psyche hits you with a +0 dagger of chaos.
Psyche burns you.
The centaur shoots an arrow.
The arrow barely misses you.
You closely miss Psyche.
Psyche is severely wounded.
You feel yourself speed up. Psyche barely misses you.
The centaur shoots an arrow.
The arrow closely misses you.
Psyche glows with a rainbow of weird force.
Psyche hits you with a +0 dagger of chaos!
Psyche draws strength from your wounds!
7932 ||| READING scroll of teleportation.
As you read the scroll of teleportation, it crumbles to dust.
You feel strangely unstable. Psyche closely misses you.
You hit Psyche but do no damage.
Psyche is heavily wounded.
The centaur unwields a +0 shortbow.
The centaur wields a +0 flail.
The centaur hits you with a +0 flail! The centaur misses you.
Psyche hits you with a +0 dagger of chaos.
Psyche draws strength from your wounds!
You hit Psyche.
Psyche is heavily wounded.
Psyche hits you with a +0 dagger of chaos.
Psyche freezes you. The centaur hits you with a +0 flail!
You die...

## .. #. .
##. ... .. #
(.#.##. .#
......)###.#
(.....@hc.#
#.###.##.##
# #.#.##
#.###.##.##
#...<.....#
####...###.#
####.######
#........#
#.##.###.#
####


You could see Psyche (unable to see you) and a centaur (unable to see you).

Vanquished Creatures
  Maurice (D:8)
  Maggie (D:6)
  Grinder (D:3)
  4 yaks (D:8)
  2 steam dragons
  Edmund (D:6)
  Duvessa (D:6)
  An ice beast (D:5)
  3 sky beasts (D:7)
  An orc warrior (D:6)
  A centaur (D:7)
  2 phantoms
  3 necrophages
  3 bullfrogs
  2 scorpions
  9 wights
  Dowan (D:6)
  A howler monkey (D:8)
  An orc priest (D:4)
  4 hounds
  5 jellies
  4 gnoll boudas
  Ijyb (D:3)
  2 iguanas (D:6)
  An orc wizard (D:4)
  18 gnolls
  8 adders
  A shadow imp (D:6)
  2 white imps (D:5)
  2 worms (D:2)
  17 orcs
  4 endoplasms
  3 giant cockroaches
  13 goblins
  5 hobgoblins
  5 kobolds
  4 quokkas
  2 ball pythons
  7 bats
  A frilled lizard (D:2)
  3 rats
151 creatures vanquished.

Vanquished Creatures (others)
  A gnoll (D:6)
1 creature vanquished.

Grand Total: 152 creatures vanquished

Notes
Turn   | Place    | Note
-------+----------+-------------------------------------------
     0 | D:1      | qw the Minotaur Berserker began the quest for the Orb.
     0 | D:1      | Reached XP level 1. HP: 19/19 MP: 0/0
     0 | D:1      | 0 ||| qw: Version: 0.1-a-119-g272c26d
     0 | D:1      | 0 ||| qw: Game counter: 10691
     0 | D:1      | 0 ||| qw: Always use a shield: true
     0 | D:1      | 0 ||| qw: Do Orc after D:15 true
     0 | D:1      | 0 ||| qw: Do second Lair branch before Depths: true
     0 | D:1      | 0 ||| qw: Lair rune preference: random
     0 | D:1      | 0 ||| qw: Plans: Normal
     0 | D:1      | 0 ||| PLANNING D:1-11
    90 | D:1      | 90 ||| SWAPPING to +0 war axe.
   149 | D:1      | 149 ||| DROPPING +0 hand axe.
   152 | D:1      | 152 ||| DROPPING +0 club.
   353 | D:1      | Reached skill level 4 in Axes
   433 | D:1      | Reached XP level 2. HP: 26/26 MP: 1/1
   957 | D:1      | 957 ||| UPGRADING to +0 ring mail.
   967 | D:1      | 967 ||| DROPPING +0 animal skin.
   968 | D:1      | 968 ||| UPGRADING to +0 pair of boots.
   973 | D:1      | 973 ||| UPGRADING to amulet of the acrobat.
   978 | D:1      | 978 ||| UPGRADING to +4 ring of protection.
   979 | D:1      | 979 ||| READING 3 scrolls labelled NOIGUTOFIN.
   980 | D:1      | 980 ||| READING scroll labelled JOOMNA AQIRA.
   985 | D:1      | 985 ||| READING scroll labelled ALOEMUDODI.
   986 | D:1      | 986 ||| READING scroll labelled LIENIB XITI.
  1129 | D:1      | 1129 ||| READING scroll labelled OSECOI CELUPTO.
  1130 | D:1      | 1130 ||| DRINKING 2 yellow potions.
  1131 | D:1      | 1131 ||| DRINKING 2 amethyst potions.
  1132 | D:1      | 1132 ||| READING 2 scrolls of identify.
  1132 | D:1      | 1132 ||| IDENTIFYING fuming emerald potion
  1133 | D:1      | 1133 ||| DROPPING potion of degeneration.
  1134 | D:1      | 1134 ||| DROPPING potion of ambrosia.
  1147 | D:2      | 1147 ||| Stepping ~*~*~tactically~*~*~ (stealth).
  1148 | D:2      | 1148 ||| Stepping ~*~*~tactically~*~*~ (stealth).
  1166 | D:2      | 1166 ||| Stepping ~*~*~tactically~*~*~ (stealth).
  1245 | D:2      | Found a faded altar of an unknown god.
  1259 | D:2      | Reached skill level 5 in Axes
  1301 | D:2      | Reached XP level 3. HP: 30/31 MP: 2/2
  1310 | D:2      | 1310 ||| Stepping ~*~*~tactically~*~*~ (stealth).
  1311 | D:2      | 1311 ||| Stepping ~*~*~tactically~*~*~ (stealth).
  1317 | D:2      | 1317 ||| DROPPING +0 whip.
  1547 | D:2      | 1547 ||| INVOKING Berserk.
  1863 | D:2      | 1863 ||| INVOKING Berserk.
  2219 | D:2      | 2219 ||| READING scroll labelled WARGHI WAOTURI.
  2220 | D:2      | 2220 ||| READING scroll labelled PUASSAAPUDI.
  2221 | D:2      | 2221 ||| READING 5 scrolls of identify.
  2221 | D:2      | 2221 ||| IDENTIFYING grey potion
  2222 | D:2      | 2222 ||| READING 4 scrolls of identify.
  2222 | D:2      | 2222 ||| IDENTIFYING fizzy green potion
  2223 | D:2      | 2223 ||| DROPPING potion of flight.
  2287 | D:3      | Reached ** piety under Trog
  2316 | D:3      | Reached skill level 6 in Axes
  2316 | D:3      | Reached XP level 4. HP: 38/39 MP: 3/3
  2434 | D:3      | Noticed Grinder
  2436 | D:3      | Noticed Ijyb
  2437 | D:3      | 2437 ||| Stepping ~*~*~tactically~*~*~ (hiding).
  2439 | D:3      | 2439 ||| INVOKING Trog's Hand.
  2440 | D:3      | 2440 ||| INVOKING Berserk.
  2449 | D:3      | Killed Grinder
  2450 | D:3      | Reached skill level 8 in Axes
  2450 | D:3      | Reached XP level 5. HP: 45/45 MP: 4/4
  2450 | D:3      | Reached XP level 6. HP: 51/51 MP: 5/5
  2461 | D:3      | 2461 ||| Stepping ~*~*~tactically~*~*~ (stealth).
  2462 | D:3      | 2462 ||| Stepping ~*~*~tactically~*~*~ (stealth).
  2469 | D:3      | Killed Ijyb
  2707 | D:3      | 2707 ||| UPGRADING to ring of protection from fire.
  2793 | D:4      | 2793 ||| INVOKING Berserk.
  2798 | D:4      | Reached skill level 1 in Throwing
  2862 | D:4      | 2862 ||| Stepping ~*~*~tactically~*~*~ (stealth).
  3016 | D:4      | 3016 ||| Stepping ~*~*~tactically~*~*~ (stealth).
  3017 | D:4      | 3017 ||| Stepping ~*~*~tactically~*~*~ (stealth).
  3262 | D:4      | 3262 ||| INVOKING Berserk.
  3401 | D:4      | Found a staircase to the Ecumenical Temple.
  3411 | D:4      | Reached skill level 9 in Axes
  3605 | D:4      | 3605 ||| UPGRADING to +2 chain mail of poison resistance.
  3615 | D:4      | 3615 ||| DROPPING +0 ring mail.
  3616 | D:4      | 3616 ||| READING 2 scrolls labelled ZADGHO ZIYHIELA.
  3617 | D:4      | 3617 ||| READING scroll labelled TEREHI OTEMOT.
  3618 | D:4      | 3618 ||| READING scroll labelled TAUDIB JUCURUI.
  3619 | D:4      | 3619 ||| DROPPING scroll of fear.
  3638 | D:5      | Entered Level 5 of the Dungeon
  3647 | D:5      | Noticed an ice beast
  3649 | D:5      | 3649 ||| INVOKING Berserk.
  3652 | D:5      | Killed an ice beast
  3653 | D:5      | Reached skill level 3 in Armour
  3653 | D:5      | Reached XP level 7. HP: 59/59 MP: 6/6
  3764 | D:5      | 3764 ||| Stepping ~*~*~tactically~*~*~ (stealth).
  3786 | D:5      | 3786 ||| READING scroll of teleportation.
  3802 | D:5      | 3802 ||| Stepping randomly (stuck).
  3805 | D:5      | 3805 ||| INVOKING Berserk.
  3947 | D:5      | 3947 ||| FLEEEEING.
  3948 | D:5      | 3948 ||| FLEEEEING.
  3949 | D:5      | 3949 ||| STAIRDANCE
  4069 | D:5      | 4069 ||| READING scroll labelled QYESIJ AMUEVI.
  4070 | D:5      | 4070 ||| READING scroll labelled COASKOSA TAST.
  4090 | D:5      | 4090 ||| READING 3 scrolls of identify.
  4090 | D:5      | 4090 ||| IDENTIFYING fuming red potion
  4091 | D:5      | 4091 ||| Stepping randomly (stuck).
  4092 | D:5      | 4092 ||| Stepping randomly (stuck).
  4093 | D:5      | 4093 ||| Stepping randomly (stuck).
  4094 | D:5      | 4094 ||| Stepping randomly (stuck).
  4095 | D:5      | 4095 ||| Stepping randomly (stuck).
  4096 | D:5      | 4096 ||| Stepping randomly (stuck).
  4097 | D:5      | 4097 ||| Stepping randomly (stuck).
  4098 | D:5      | 4098 ||| Stepping randomly (stuck).
  4099 | D:5      | 4099 ||| Stepping randomly (stuck).
  4100 | D:5      | 4100 ||| Stepping randomly (stuck).
  4101 | D:5      | 4101 ||| Stepping randomly (stuck).
  4102 | D:5      | 4102 ||| Stepping randomly (stuck).
  4103 | D:5      | 4103 ||| Stepping randomly (stuck).
  4104 | D:5      | 4104 ||| Stepping randomly (stuck).
  4105 | D:5      | 4105 ||| Stepping randomly (stuck).
  4106 | D:5      | 4106 ||| Stepping randomly (stuck).
  4107 | D:5      | 4107 ||| Stepping randomly (stuck).
  4108 | D:5      | 4108 ||| Stepping randomly (stuck).
  4109 | D:5      | 4109 ||| Stepping randomly (stuck).
  4110 | D:5      | 4110 ||| Stepping randomly (stuck).
  4111 | D:5      | 4111 ||| Stepping randomly (stuck).
  4112 | D:5      | 4112 ||| Stepping randomly (stuck).
  4113 | D:5      | 4113 ||| Stepping randomly (stuck).
  4114 | D:5      | 4114 ||| Stepping randomly (stuck).
  4115 | D:5      | 4115 ||| Stepping randomly (stuck).
  4116 | D:5      | 4116 ||| Stepping randomly (stuck).
  4117 | D:5      | 4117 ||| Stepping randomly (stuck).
  4118 | D:5      | 4118 ||| Stepping randomly (stuck).
  4119 | D:5      | 4119 ||| Stepping randomly (stuck).
  4120 | D:5      | 4120 ||| Stepping randomly (stuck).
  4121 | D:5      | 4121 ||| Stepping randomly (stuck).
  4122 | D:5      | 4122 ||| Stepping randomly (stuck).
  4123 | D:5      | 4123 ||| Stepping randomly (stuck).
  4124 | D:5      | 4124 ||| Stepping randomly (stuck).
  4125 | D:5      | 4125 ||| Stepping randomly (stuck).
  4127 | D:5      | 4127 ||| Stepping randomly (stuck).
  4129 | D:5      | 4129 ||| Stepping randomly (stuck).
  4130 | D:5      | 4130 ||| Stepping randomly (stuck).
  4131 | D:5      | 4131 ||| Stepping randomly (stuck).
  4132 | D:5      | 4132 ||| Stepping randomly (stuck).
  4133 | D:5      | 4133 ||| Stepping randomly (stuck).
  4134 | D:5      | 4134 ||| Stepping randomly (stuck).
  4135 | D:5      | 4135 ||| Stepping randomly (stuck).
  4136 | D:5      | 4136 ||| Stepping randomly (stuck).
  4137 | D:5      | 4137 ||| Stepping randomly (stuck).
  4138 | D:5      | 4138 ||| Stepping randomly (stuck).
  4139 | D:5      | 4139 ||| Stepping randomly (stuck).
  4140 | D:5      | 4140 ||| Stepping randomly (stuck).
  4141 | D:5      | 4141 ||| Stepping randomly (stuck).
  4142 | D:5      | 4142 ||| Stepping randomly (stuck).
  4143 | D:5      | 4143 ||| Stepping randomly (stuck).
  4144 | D:5      | 4144 ||| Stepping randomly (stuck).
  4145 | D:5      | 4145 ||| Stepping randomly (stuck).
  4146 | D:5      | 4146 ||| Stepping randomly (stuck).
  4147 | D:5      | 4147 ||| Stepping randomly (stuck).
  4148 | D:5      | 4148 ||| Stepping randomly (stuck).
  4149 | D:5      | 4149 ||| Stepping randomly (stuck).
  4150 | D:5      | 4150 ||| Stepping randomly (stuck).
  4151 | D:5      | 4151 ||| Stepping randomly (stuck).
  4152 | D:5      | 4152 ||| Stepping randomly (stuck).
  4153 | D:5      | 4153 ||| Stepping randomly (stuck).
  4154 | D:5      | 4154 ||| Stepping randomly (stuck).
  4155 | D:5      | 4155 ||| Stepping randomly (stuck).
  4156 | D:5      | 4156 ||| Stepping randomly (stuck).
  4157 | D:5      | 4157 ||| Stepping randomly (stuck).
  4158 | D:5      | 4158 ||| Stepping randomly (stuck).
  4159 | D:5      | 4159 ||| Stepping randomly (stuck).
  4161 | D:5      | 4161 ||| Stepping randomly (stuck).
  4162 | D:5      | 4162 ||| Stepping randomly (stuck).
  4163 | D:5      | 4163 ||| Stepping randomly (stuck).
  4164 | D:5      | 4164 ||| Stepping randomly (stuck).
  4165 | D:5      | 4165 ||| Stepping randomly (stuck).
  4166 | D:5      | 4166 ||| Stepping randomly (stuck).
  4167 | D:5      | 4167 ||| Stepping randomly (stuck).
  4168 | D:5      | 4168 ||| Stepping randomly (stuck).
  4169 | D:5      | 4169 ||| Stepping randomly (stuck).
  4170 | D:5      | 4170 ||| Stepping randomly (stuck).
  4171 | D:5      | 4171 ||| Stepping randomly (stuck).
  4172 | D:5      | 4172 ||| Stepping randomly (stuck).
  4173 | D:5      | 4173 ||| Stepping randomly (stuck).
  4174 | D:5      | 4174 ||| Stepping randomly (stuck).
  4175 | D:5      | 4175 ||| Stepping randomly (stuck).
  4176 | D:5      | 4176 ||| Stepping randomly (stuck).
  4177 | D:5      | 4177 ||| Stepping randomly (stuck).
  4178 | D:5      | 4178 ||| Stepping randomly (stuck).
  4179 | D:5      | 4179 ||| Stepping randomly (stuck).
  4180 | D:5      | 4180 ||| Stepping randomly (stuck).
  4181 | D:5      | 4181 ||| Stepping randomly (stuck).
  4182 | D:5      | 4182 ||| Stepping randomly (stuck).
  4183 | D:5      | 4183 ||| Stepping randomly (stuck).
  4184 | D:5      | 4184 ||| Stepping randomly (stuck).
  4185 | D:5      | 4185 ||| Stepping randomly (stuck).
  4186 | D:5      | 4186 ||| Stepping randomly (stuck).
  4187 | D:5      | 4187 ||| Stepping randomly (stuck).
  4188 | D:5      | 4188 ||| Stepping randomly (stuck).
  4189 | D:5      | 4189 ||| Stepping randomly (stuck).
  4190 | D:5      | 4190 ||| Stepping randomly (stuck).
  4205 | D:5      | 4205 ||| INVOKING Berserk.
  4432 | D:5      | 4432 ||| UPGRADING to +1 cloak.
  4437 | D:5      | 4437 ||| READING 2 scrolls of identify.
  4437 | D:5      | 4437 ||| IDENTIFYING metallic red potion
  4438 | D:5      | 4438 ||| DROPPING potion of lignification.
  4439 | D:5      | 4439 ||| Stepping randomly (stuck).
  4440 | D:5      | 4440 ||| Stepping randomly (stuck).
  4448 | D:5      | Found a transporter.
  4456 | D:5      | 4456 ||| READING scroll of enchant weapon.
  4456 | D:5      | 4456 ||| ENCHANTING +1 war axe.
  4716 | D:5      | Found a transporter.
  4778 | D:5      | 4778 ||| Stepping randomly (stuck).
  4779 | D:5      | 4779 ||| Stepping randomly (stuck).
  4975 | D:6      | Reached skill level 10 in Axes
  5004 | D:6      | 5004 ||| INVOKING Berserk.
  5009 | D:6      | Reached XP level 8. HP: 68/68 MP: 7/7
  5066 | D:6      | 5066 ||| Stepping ~*~*~tactically~*~*~ (stealth).
  5070 | D:6      | 5070 ||| INVOKING Berserk.
  5200 | D:6      | Noticed Duvessa
  5201 | D:6      | Noticed Dowan
  5203 | D:6      | 5203 ||| INVOKING Berserk.
  5207 | D:6      | Killed Duvessa
  5214 | D:6      | Killed Dowan
  5215 | D:6      | Reached skill level 6 in Fighting
  5391 | D:6      | 5391 ||| Stepping ~*~*~tactically~*~*~ (hiding).
  5397 | D:6      | 5397 ||| INVOKING Berserk.
  5626 | D:6      | Noticed Maggie
  5629 | D:6      | Reached skill level 11 in Axes
  5640 | D:6      | HP: 10/70 [Maggie/+0 glaive of flaming (11)]
  5641 | D:6      | 5641 ||| DRINKING potion of heal wounds.
  5646 | D:6      | HP: 16/70 [Maggie/+0 glaive of flaming (2)]
  5647 | D:6      | 5647 ||| INVOKING Berserk.
  5649 | D:6      | Killed Maggie
  5650 | D:6      | Reached skill level 12 in Axes
  5650 | D:6      | Reached XP level 9. HP: 27/75 MP: 8/8
  6015 | D:6      | 6015 ||| INVOKING Berserk.
  6378 | D:6      | Noticed Edmund
  6379 | D:6      | 6379 ||| Stepping ~*~*~tactically~*~*~ (stealth).
  6387 | D:6      | 6387 ||| INVOKING Berserk.
  6390 | D:6      | Killed Edmund
  6497 | D:6      | 6497 ||| DROPPING +0 flail.
  6758 | D:7      | 6758 ||| Stepping ~*~*~tactically~*~*~ (stealth).
  6851 | D:7      | Found an iron altar of Okawaru.
  6853 | D:7      | 6853 ||| Stepping ~*~*~tactically~*~*~ (stealth).
  6858 | D:7      | Reached skill level 13 in Axes
  6873 | D:7      | Reached skill level 3 in Throwing
  6997 | D:7      | 6997 ||| INVOKING Berserk.
  7346 | D:7      | Reached *** piety under Trog
  7364 | D:7      | 7364 ||| UPGRADING to +0 buckler.
  7434 | D:8      | Reached skill level 3 in Shields
  7669 | D:8      | Noticed Maurice
  7672 | D:8      | 7672 ||| Stepping ~*~*~tactically~*~*~ (hiding).
  7686 | D:8      | Killed Maurice
  7687 | D:8      | Reached XP level 10. HP: 86/88 MP: 9/9
  7715 | D:8      | 7715 ||| Stepping ~*~*~tactically~*~*~ (hiding).
  7768 | D:8      | 7768 ||| Stepping ~*~*~tactically~*~*~ (stealth).
  7769 | D:8      | 7769 ||| Stepping ~*~*~tactically~*~*~ (stealth).
  7774 | D:8      | Reached skill level 14 in Axes
  7868 | D:8      | 7868 ||| SWAPPING to +3 war axe.
  7869 | D:8      | 7869 ||| DROPPING +2 war axe.
  7888 | D:8      | 7888 ||| Stepping ~*~*~tactically~*~*~ (hiding).
  7895 | D:8      | 7895 ||| INVOKING Berserk.
  7917 | D:8      | Noticed Psyche
  7922 | D:8      | 7922 ||| DRINKING 12 potions of curing.
  7922 | D:8      | 7922 ||| (to cure confusion)
  7931 | D:8      | HP: 20/86 [Psyche/+0 dagger of chaos (8)]
  7932 | D:8      | 7932 ||| READING scroll of teleportation.
  7933 | D:8      | HP: 9/86 [Psyche/+0 dagger of chaos (4)]
  7934 | D:8      | HP: 4/86 [Psyche/+0 dagger of chaos (1)]
  7934 | D:8      | Slain by a centaur

Levels and vault maps discovered:
D:1:      heliophobic_arrival_ceremonial_halls, layout_basic,
          corexii_corridor_pit
D:2:      layout_loops_ring, shapermc_ecumenical_altar_totnotflames,
          corexii_item_surrounded_by_moat, minmay_goblin_outpost
D:3:      layout_rooms, uniq_ijyb, uniq_grinder
D:4:      layout_loops_ring, minmay_temple_entry_sparse_star
D:5:      gammafunk_steamed_eel, layout_cave_pools, serial_co_window_serial,
          co_window_corner_a, co_window_cross_1, co_window_paths_a,
          co_window_paths_a, co_window_corner_a, co_window_corner_a,
          co_window_of_opportunity_a, co_window_broadway_c, co_window_cross_3,
          co_window_2corner, co_window_of_opportunity_b, co_window_4corner_b,
          co_window_paths_d, glass_columns_b, glass_columns_a, glass_columns_c
D:6:      layout_basic, uniq_maggie, uniq_edmund, uniq_duvessa
D:7:      layout_basic, okawaru_gym_becter
D:8:      layout_loops_ring, enter_bailey_7, uniq_maurice, uniq_psyche

Skill      XL: |  1  2  3  4  5  6  7  8  9 10 |
---------------+-------------------------------+-----
Axes           | 4 5 6 8 9 10 12 13 14 | 14.0
Fighting       | 4 5 6 8 |  8.1
Throwing       | 1 2 3 |  3.1
Armour         | 3 4 5 |  5.9
Shields        | 5 |  5.0
Dodging        | |  2.1

Action                   |  1- 3 |  4- 6 |  7- 9 | 10-12 || total
-------------------------+-------+-------+-------+-------++-------
Melee: War axe           |    81 |    77 |   176 |    32 ||   366
       Hand axe          |     2 |       |       |       ||     2
       Headbutt          |    13 |     7 |    31 |     2 ||    53
       Punch             |     1 |     2 |     1 |       ||     4
       Unarmed           |       |       |       |     7 ||     7
Throw: Boomerang         |     2 |    15 |    11 |       ||    28
       Javelin           |       |    17 |    29 |     3 ||    49
Invok: Berserk           |     2 |     4 |    10 |     1 ||    17
       Trog's Hand       |       |     1 |       |       ||     1
  Use: Scroll            |    10 |     3 |     6 |     1 ||    20
       Potion            |     2 |       |     1 |     1 ||     4
Armor: Animal skin       |     3 |       |       |       ||     3
       Ring mail         |    20 |    24 |       |       ||    44
       Chain mail        |       |     1 |    94 |     7 ||   102
Dodge: Dodged            |    63 |    47 |    59 |    20 ||   189
Block: Buckler           |       |       |     3 |     6 ||     9

Table legend:
 A = Non-vault XP
 B = Vault XP
 C = Vault XP percentage of total XP
 D = Non-vault monster count
 E = Vault monster count
 F = Vault count percentage of total count
                 A         B        C        D         E       F
            +---------+---------+-------+---------+---------+-------
      Total |    4802 |    1565 |  24.6 |     139 |      12 |   7.9
            +---------+---------+-------+---------+---------+-------
        D:1 |      20 |       0 |   0.0 |      11 |       0 |   0.0
        D:2 |      46 |      10 |  17.9 |      17 |       5 |  22.7
        D:3 |      59 |     303 |  83.7 |      16 |       2 |  11.1
        D:4 |     202 |       0 |   0.0 |      19 |       0 |   0.0
        D:5 |     621 |       0 |   0.0 |      20 |       0 |   0.0
        D:6 |    1126 |     767 |  40.5 |      25 |       4 |  13.8
        D:7 |    1374 |       0 |   0.0 |      15 |       0 |   0.0
        D:8 |    1354 |     485 |  26.4 |      16 |       1 |   5.9
            +---------+---------+-------+---------+---------+-------
